 Dungeon Crawl Stone Soup version 0.27-a0-1219-g958d993ae5 (webtiles) character file.

Game seed: 3221330198581449912

30 polve the Cutter (level 3, 0/29 HPs)
             Began as a Demonspawn Abyssal Knight on June 6, 2021.
             Was a Follower of Lugonu.
             Succumbed to an adder's poison
             ... on level 1 of the Dungeon.
             The game lasted 00:00:59 (1650 turns).

polve the Cutter (Demonspawn Abyssal Knight)        Turns: 1650, Time: 00:00:59

Health: 0/29       AC:  3    Str: 13    XL:     3   Next: 5%
Magic:  4/4        EV: 11    Int: 13    God:    Lugonu [*.....]
Gold:   50         SH:  0    Dex: 12    Spells: 2/2 levels left

rFire    . . .     SeeInvis .   e - +0 rapier (elec)
rCold    . . .     Faith    .   (no shield)
rNeg     . . .     Spirit   .   b - +0 leather armour
rPois    .         Reflect  .   (no helmet)
rElec    .         Harm     .   (no cloak)
rCorr    .         Rampage  .   (no gloves)
Will     .....                  (no boots)
Stlth    +.........             (no amulet)
HPRegen  0.09/turn              (no ring)
MPRegen  0.09/turn              (no ring)

@: lethally poisoned (0 -> -1)
A: demonic guardian 1
a: Renounce Religion, Depart the Abyss


You were on level 1 of the Dungeon.
You worshipped Lugonu.
Lugonu was aware of your devotion.
You visited 1 branch of the dungeon, and saw 2 of its levels.
You visited the Abyss 1 time.

You collected 50 gold pieces.

Inventory:

Hand Weapons
 a - a +1 short sword
 e - a +0 rapier of electrocution (weapon)
Armour
 b - a +0 leather armour (worn)
Scrolls
 d - a scroll of teleportation {unknown}
 f - a scroll of fear {unknown}
Potions
 c - 2 potions of heal wounds {unknown}


   Skills:
 - Level 3.0 Fighting
 + Level 3.2 Short Blades
 - Level 1.7 Armour
 - Level 0.8 Dodging
 - Level 2.4 Invocations


You had 2 spell levels left.
You didn't know any spells.
Your spell library contained the following spells:

 Spells                   Type           Power      Damage    Failure   Level
 Corona                   Hex            0%         N/A       36%         1
 Ensorcelled Hibernation  Hex/Ice        0%         N/A       52%         2
 Confusing Touch          Hex            0%         N/A       75%         3
 Dazzling Flash           Conj/Hex       0%         N/A       75%         3
 Tukima's Dance           Hex            0%         N/A       75%         3


Dungeon Overview and Level Annotations

Branches:
Dungeon (2/15)

Altars:


Innate Abilities, Weirdness & Mutations

A weak demonic guardian rushes to your aid.


Message History

You are too injured to fight recklessly!
You miss the adder.
The adder is moderately wounded.
The adder bites you but does no damage. The adder bites you.
A demonic guardian appears!
The endoplasm freezes you.
You are frozen.
The kobold barely misses you.
You completely miss the adder.
The adder is lightly wounded.
The adder barely misses you.
Your quasit bites the kobold.
Your quasit barely misses the kobold.
Your quasit claws the kobold.
The endoplasm barely misses you.
The kobold completely misses your quasit.
The adder bites you but does no damage.
Your quasit barely misses the kobold.
Your quasit claws the kobold.
Your quasit barely misses the kobold.
The kobold hits your quasit but does no damage.
The adder bites you.
Your quasit bites the kobold but does no damage.
Your quasit barely misses the kobold.
Your quasit claws the kobold.
The kobold dies!
Lugonu accepts your kill. The adder bites you.
There is a stone staircase leading up here.
The adder bites you.
You are poisoned.
The adder poisons you! The endoplasm misses you.
You climb upwards.
You feel sick.
There is a stone staircase leading down here.
You barely miss the adder.
The adder is lightly wounded.
You feel sick. The adder closely misses you.
You closely miss the adder.
The adder is lightly wounded.
You feel sick. The adder bites you.
* * * LOW HITPOINT WARNING * * *
The adder bites you.
* * * LOW HITPOINT WARNING * * *
You closely miss the adder.
The adder is lightly wounded.
You die...

...# #.#
#.#.####### ...#
#.# #)#.#......
...##########.#
#.#.#.#####
..............#
#.#.#.# #.
...############
#.#.#.# #. ...#
#.#.#.# #. ...#
#.#.#.# #.
...###############
#.#.#.#####
..............JS@#
#.#.#.#....
...#####.#########
#.#.#.#.### ...#
#.# #.#.#.#.#..
...# #.#
#.#.#.#.##. ...#
#.# #.#.#.#....
...# #.#
#.#.#.#####
#..#####.#
#(#.#......
#........###
#.#.#......
#..#.......#
#.#.#......


You could see an adder and an endoplasm.

Vanquished Creatures
  2 dart slugs (D:1)
  2 ball pythons
  5 bats (D:1)
  2 endoplasms (D:1)
  3 goblins (D:1)
  3 hobgoblins (D:1)
  A kobold (D:1)
  A quokka (D:1)
  2 frilled lizards (D:1)
  2 rats (D:1)
23 creatures vanquished.

Vanquished Creatures (collateral kills)
  A kobold (D:2)
1 creature vanquished.

Vanquished Creatures (others)
  4 plants (D:2)
4 creatures vanquished.

Grand Total: 28 creatures vanquished

Notes
Turn   | Place    | Note
-------+----------+-------------------------------------------
     0 | Abyss:1  | polve the Demonspawn Abyssal Knight began the quest for the
                  | Orb.
     0 | Abyss:1  | Reached XP level 1. HP: 18/18 MP: 2/2
     0 | Abyss:1  | Found a corrupted altar of Lugonu.
    58 | Abyss:1  | Noticed a large abomination
    76 | Abyss:1  | Noticed a wraith
    91 | D:1      | Escaped the Abyss
   332 | D:1      | Reached * piety under Lugonu
   616 | D:1      | Gained mutation: A weak demonic guardian rushes to your
                  | aid. [demonic ancestry]
   616 | D:1      | Reached XP level 2. HP: 24/24 MP: 3/3
  1256 | D:1      | Reached XP level 3. HP: 29/29 MP: 4/4
  1649 | D:1      | HP: 1/29 [adder (4)]
  1650 | D:1      | Succumbed to an adder's poison

Illustrated notes

Levels and vault maps discovered:
D:1:      amcnicky_arrival_single_pillar, layout_basic, minmay_domino_2
D:2:      layout_rooms, ebering_ecumenical_altar_rust, serial_bayou,
          serial_bayou_pond_a, serial_bayou_shore_b, serial_bayou_pond_a,
          serial_bayou_pond_b, serial_bayou_lagoon_a, serial_shops,
          nicolae_shop_competitors_out_of_business, shop_fountains, shop,
          uniq_sigmund

Skill      XL: |  1  2 |
---------------+-------+-----
Short Blades   | 2 3 |  3.2
Fighting       | |  3.0
Armour         | |  1.7
Dodging        | |  0.8
Invocations    | |  2.4

Action                   || total
-------------------------++-------
Melee: Short sword       ||    35
       Rapier            ||    40
Invok: Depart the Abyss  ||     1
Armor: Leather armour    ||    36
Dodge: Dodged            ||    57

Table legend: (Time is in decaauts)
 A = Elapsed time spent in this place.
 B = Non-inter-level travel time spent in this place.
 C = Inter-level travel time spent in this place.
 D = Time resting spent in this place.
 E = Time spent auto-exploring this place.
 F = Levels seen in this place.
 G = Mean time per level.
                   A        B        C        D        E       F      G
               +--------+--------+--------+--------+--------+-----+--------+
         Total |   1651 |   1564 |     87 |      0 |   1362 |   3 |  550.3 |
       Dungeon |   1560 |   1473 |     87 |      0 |   1305 |   2 |  780.0 |
         Abyss |     91 |     91 |      0 |      0 |     57 |   1 |   91.0 |
               +--------+--------+--------+--------+--------+-----+--------+

Top non-repeatable levels by time:
     D:1: 1545 daAuts
 Abyss:1: 91 daAuts
     D:2: 15 daAuts
